 Dungeon Crawl Stone Soup version 0.27-a0-1065-ge809cff456 (webtiles) character file.

Game seed: 8633797347474838371

197048 Ijustatesigmund the Demonic Aeon (level 18, -1/144 (147) HPs)
             Began as a Demonspawn Fighter on Apr 21, 2021.
             Was the Champion of Cheibriados.
             Slain by a spark wasp (14 damage)
             ... on level 4 of the Spider Nest on Apr 22, 2021.
             The game lasted 01:29:19 (33830 turns).

Ijustatesigmund the Demonic Aeon (DsFi)            Turns: 33830, Time: 01:29:21

HP:   -1/144 (147)  AC: 17    Str: 28 (29) XL:     18   Next: 17%
MP:   11/31         EV: 19    Int: 31 (32) God:    Cheibriados [******]
Gold: 1818          SH: 15    Dex: 29 (31) Spells: 14/17 levels left

rFire    . . .     SeeInvis .   a - +9 broad axe (vamp)
rCold    + + .     Faith    .   c - +2 kite shield
rNeg     + + .     Spirit   .   b - +2 chain mail {rN+}
rPois    +         Reflect  .   W - +0 hat of Qazlal's Delight {rPois rC+ Will+ Str-4}
rElec    .         Harm     .   f - +1 cloak
rCorr    .         Rampage  .   (gloves unavailable)
Will     ++...                  C - +0 pair of boots
Stlth    ..........             o - amulet of the acrobat
HPRegen  0.34/turn              e - +4 ring of slaying
MPRegen  0.22/turn              n - ring of the Cockatrice {rN+ Int+4 Slay+4}

@: studying Dodging, lightly drained, very slow
A: claws 3, horns 1, talons 2, demonic guardian 1, foul stench 3, cold
resistance 1
a: Renounce Religion, Bend Time, Temporal Distortion, Slouch, Step From Time


You were on level 4 of the Spider Nest.
You worshipped Cheibriados.
Cheibriados was exalted by your worship.
You visited 4 branches of the dungeon, and saw 27 of its levels.

You collected 2588 gold pieces.
You spent 770 gold pieces at shops.

Inventory:

Hand Weapons
 a - a +9 vampiric broad axe (weapon)
 z - a +2 flail of protection
Missiles
 G - 2 boomerangs of dispersal (quivered)
Armour
 b - a +2 chain mail of positive energy (worn)
 c - a +2 kite shield (worn)
 f - a +1 cloak (worn)
 t - a +2 hat
 x - the +3 ring mail of Infinity {*Slow rPois rN+++ Regen+ Slay-5}
   (You took it off an orc on level 5 of the Dungeon)

   It affects your accuracy and damage with ranged weapons and melee attacks
   (-5).
   It protects you from poison.
   It renders you almost immune to negative energy.
   It increases your rate of health regeneration.
   It may slow you when you take damage.
 C - a +0 pair of boots (worn)
 W - the +0 hat of Qazlal's Delight (worn) {rPois rC+ Will+ Str-4}
   (You found it on level 1 of the Orcish Mines)

   It affects your strength (-4).
   It protects you from cold.
   It protects you from poison.
   It increases your willpower.
Jewellery
 e - a +4 ring of slaying (left claw)
 h - a +4 ring of evasion
 k - the ring of Sumees {rElec rF- rCorr Str+2}
   (You found it on level 14 of the Dungeon)

   [ring of resist corrosion]

   It affects your strength (+2).
   It makes you vulnerable to fire.
   It insulates you from electricity.
   It protects you from acid and corrosion.
 n - the ring of the Cockatrice (right claw) {rN+ Int+4 Slay+4}
   (You found it on level 1 of the Dungeon)

   [ring of slaying]

   It affects your intelligence (+4).
   It affects your accuracy and damage with ranged weapons and melee attacks
   (+4).
   It protects you from negative energy.
 o - an amulet of the acrobat (around neck)
 s - a ring of positive energy
 A - a ring of positive energy
 K - a ring of protection from cold
 M - the amulet of Uvifomibb {RegenMP rF+ Will+}
   (You found it on level 14 of the Dungeon)

   [amulet of magic regeneration]

   It increases your rate of magic regeneration.
   It protects you from fire.
   It increases your willpower.
 P - a +4 ring of protection
 X - a ring of protection from cold
Wands
 i - a wand of charming (4)
 p - a wand of digging (7)
 r - a wand of flame (48)
 B - a wand of polymorph (16)
 D - a wand of mindburst (5)
 N - a wand of paralysis (19)
 O - a wand of acid (14)
Scrolls
 m - 2 scrolls of amnesia
 u - a scroll of enchant weapon
 y - 2 scrolls of summoning
 F - a scroll of brand weapon
 H - 2 scrolls of fog
 I - 2 scrolls of silence
 J - a scroll of identify
 R - a scroll of magic mapping
 S - a scroll of immolation
Potions
 d - 2 potions of brilliance
 g - 3 potions of cancellation
 l - a potion of curing
 q - a potion of heal wounds
 v - 2 potions of attraction
 w - 7 potions of lignification
 E - 5 potions of might
 Q - a potion of flight
 T - 2 potions of resistance
 Y - a potion of ambrosia
Miscellaneous
 U - a condenser vane
 V - a lightning rod (4/4)
 Z - a phantom mirror


   Skills:
 - Level 14.7 Fighting
 - Level 13.9 Axes
 + Level 8.9 Armour
 + Level 13.6 Dodging
 - Level 7.9 Shields
 - Level 7.7 Translocations
 - Level 18.8 Invocations
 - Level 5.7 Evocations


You had 14 spell levels left.
You knew the following spells:

 Your Spells              Type           Power      Damage    Failure   Level
a - Magic Dart            Conj           0%         1d3       71%         1
b - Blink                 Tloc           N/A        N/A       7%          2

Your spell library contained the following spells:

 Spells                   Type           Power      Damage    Failure   Level
 Animate Skeleton         Necr           0%         N/A       71%         1
 Corona                   Hex            0%         N/A       71%         1
 Pain                     Necr           0%         1d4       71%         1
 Sandblast                Erth           0%         2d4       71%         1
 Call Imp                 Summ           0%         N/A       83%         2
 Ensorcelled Hibernation  Hex/Ice        0%         N/A       83%         2
 Passwall                 Tmut/Erth      0%         N/A       83%         2
 Poisonous Vapours        Pois/Air       0%         N/A       83%         2
 Slow                     Hex            0%         N/A       83%         2
 Confusing Touch          Hex            0%         N/A       97%         3
 Conjure Flame            Conj/Fire      0%         6-21      97%         3
 Dazzling Flash           Conj/Hex       0%         N/A       97%         3
 Mephitic Cloud           Conj/Pois/Air  0%         N/A       97%         3
 Stone Arrow              Conj/Erth      0%         3d7       97%         3
 Tukima's Dance           Hex            0%         N/A       97%         3
 Vampiric Draining        Necr           0%         2d6       97%         3
 Animate Armour           Summ/Erth      0%         N/A       100%        4
 Animate Dead             Necr           0%         N/A       100%        4
 Ice Form                 Ice/Tmut       0%         N/A       100%        4
 Leda's Liquefaction      Hex/Erth       0%         N/A       100%        4
 Petrify                  Tmut/Erth      0%         N/A       100%        4
 Summon Ice Beast         Ice/Summ       0%         N/A       100%        4
 Agony                    Necr           0%         N/A       100%        5
 Bolt of Magma            Conj/Fire/Erth 0%         4d4       100%        5
 Irradiate                Conj/Tmut      0%         3d13      100%        5
 Lee's Rapid Deconstruct  Erth           0%         3d5*      100%        5
 Blade Hands              Tmut           0%         N/A       100%        6
 Freezing Cloud           Conj/Ice/Air   0%         6-21      100%        6
 Iron Shot                Conj/Erth      0%         9d1       100%        6
 Simulacrum               Ice/Necr       0%         N/A       100%        6
 Statue Form              Tmut/Erth      0%         N/A       100%        6
 Dragon Form              Tmut           0%         N/A       100%        7
 Ozocubu's Refrigeration  Ice            0%         4d5       100%        7
 Shatter                  Erth           0%         3d5*      100%        9


Dungeon Overview and Level Annotations

Branches:
Dungeon (15/15)            Temple (0/1) D:5            Lair (6/6) D:11
 Shoals (0/4) Lair:4       Spider (4/4) Lair:4        Slime (0/5) Lair:5
    Orc (2/2) D:10            Elf (0/3) Orc:2        Vaults (0/5) D:14
 Depths (0/5) D:15

Altars:
Cheibriados
Dithmenos
Elyvilon
Kikubaaqudgha
Makhleb
Nemelex Xobeh
Sif Muna
Uskayaw
Vehumet
Wu Jian
Zin
Beogh
Jiyva

Shops:
D:14 :   Orc:2 *(:[


Innate Abilities, Weirdness & Mutations

You have claws for hands.
You have a pair of small horns on your head.
You have razor-sharp toenails.
A weak demonic guardian rushes to your aid.
You frequently emit foul miasma when damaged in melee.
Your flesh is cold resistant. (rC+)


Message History

You blink.
Your orange demon stings the spectral emperor scorpion but does no damage.
Your orange demon hits the spectral emperor scorpion but does no damage.
Aiming: Corrosive Bolt
Press: ? - help, Shift-Dir - straight line
Okay, then.
As you read the scroll of teleportation, it crumbles to dust.
You feel strangely unstable.
The spectral emperor scorpion barely misses your orange demon.
The spectral emperor scorpion claws your orange demon. x2
You feel you are being watched by something.
You feel your power leaking away.
Your orange demon stings the spectral emperor scorpion but does no damage.
Your orange demon closely misses the spectral emperor scorpion.
Aiming: Corrosive Bolt
Press: ? - help, Shift-Dir - straight line, f - spectral tarantella
Aim: a spectral tarantella (77% to hit)
The bolt of acid hits the spectral tarantella!
The spectral tarantella is splashed with acid.
The acid corrodes the spectral tarantella!
The spectral tarantella is heavily damaged.
The spectral emperor scorpion hits your orange demon!!
The spectral emperor scorpion barely misses your orange demon.
The spectral emperor scorpion claws your orange demon!
The jumping spider leaps!
Your orange demon stings the spectral emperor scorpion but does no damage.
Your orange demon hits the spectral emperor scorpion but does no damage.
Aiming: Corrosive Bolt
Press: ? - help, Shift-Dir - straight line, f/p - spectral tarantella
Aim: a spectral tarantella (heavily damaged, covered in acid, 77% to hit)
The bolt of acid hits the spectral tarantella!!
The spectral tarantella is splashed with acid.
The spectral tarantella seems to be corroded for longer.
The spectral tarantella is almost destroyed.
Your surroundings suddenly seem different.
A spark wasp comes into view.
The spark wasp buzzes angrily.
A spectral hornet comes into view.
The spark wasp stings you!
You die...

....###############≈≈≈≈##########
.^..##^.≈≈≈..#...≈≈≈≈≈≈≈≈...
....##..≈≈†≈......#≈≈≈≈≈..^.
....##†#≈≈†≈...#........#≈..
....##..^≈≈....†............
...^##....#...^...^......^..
....##≈....#################
..####≈≈^..#.#........#. ###
#≈≈≈..#^..y@.......
#≈#≈..#..^.........
#≈≈≈..#..Z###+++++# #≈≈...##^.
#≈.#..#.. #≈†...#.. #.....#.
#.....#. #..#.≈#


You could see a spark wasp and a spectral hornet.

Vanquished Creatures
  Arachne (Spider:2)
  A sphinx (D:14)
  A storm dragon (D:14)
  Donald (Spider:2)
  A tengu reaver (D:14)
  Roxanne (Spider:2)
  Agnes (Spider:3)
  A fire giant (D:14)
  An iron dragon (D:14)
  3 ghost moths
  A frost giant (D:14)
  3 orc warlords (Orc:2)
  5 emperor scorpions
  A deep elf annihilator (D:14)
  A dire elephant (Lair:6)
  2 stone giants
  2 entropy weavers
  A spark wasp (Spider:4)
  2 ettins
  A crystal guardian (D:14)
  A yaktaur captain (D:14)
  7 hydras
  A rakshasa (D:14)
  5 boulder beetles
  3 catoblepae
  4 two-headed ogres
  A deep troll shaman (Lair:6)
  5 centaur warriors
  13 death yaks
  A deep troll earth mage (D:14)
  An orc high priest (Orc:2)
  Nergalle (Orc:2)
  6 skeletal warriors (D:14)
  A glowing orange brain (shapeshifter) (D:14)
  4 orc knights (Orc:2)
  11 orb spiders
  4 deep elf pyromancers
  A deep elf zephyrmancer (Orc:1)
  20 wolf spiders
  4 cyclopes
  2 orc sorcerers (Orc:2)
  12 ugly things
  3 manticores
  3 moths of wrath
  17 elephants
  6 black mambas
  The ghost of anet the Magician, a novice DECj (D:5)
  An elephant (shapeshifter) (D:14)
  A merfolk siren (Lair:4)
  8 cane toads
  5 torpor snails
  3 unseen horrors
  A gargoyle (D:13)
  4 efreet
  A freezing wraith (D:15)
  A redback zombie (Spider:4)
  A kobold demonologist (D:13)
  12 demonic crawlers
  A spectral redback (Spider:4)
  10 komodo dragons
  2 yaktaurs (D:14)
  3 rime drakes
  10 trolls
  A queen bee (Lair:4)
  A jumping spider (shapeshifter) (D:14)
  36 jumping spiders
  3 meliai (Lair:4)
  7 hornets
  8 polar bears
  A spectral tarantella (Spider:4)
  A spectral jumping spider (Spider:4)
  22 blink frogs
  5 dream sheep (Lair:6)
  10 slime creatures
  A shadow (D:9)
  52 redbacks
  A centaur simulacrum (D:14)
  2 hogs (Spider:1)
  22 tarantellas
  2 wraiths
  5 wyverns
  35 yaks
  7 basilisks
  A golden eye (shapeshifter) (D:15)
  3 vampire mosquitoes (D:15)
  9 wargs
  Edmund (D:6)
  An acid dragon (D:10)
  15 water moccasins
  A swamp drake (Orc:1)
  44 orc warriors
  2 spectral hornets (Spider:4)
  2 sky beasts (D:8)
  4 black bears
  7 wolves
  7 centaurs
  8 ogres
  A phantom (D:5)
  A kobold brigand (D:9)
  A gnoll sergeant (D:8)
  3 scorpions
  10 bullfrogs
  A water moccasin zombie (D:5)
  10 wights
  38 killer bees
  8 howler monkeys
  6 electric eels
  A crimson imp (Orc:1)
  5 centaur zombies
  5 hounds
  Crazy Yiuf (D:6)
  A centaur skeleton (D:6)
  A gnoll shaman (D:8)
  20 orc priests
  A bullfrog skeleton (D:4)
  An iron imp (Orc:1)
  3 iguanas
  27 orc wizards
  A hell rat (Lair:4)
  A killer bee zombie (D:6)
  19 gnolls
  9 adders
  A shadow imp (Orc:1)
  2 white imps
  An ufetubus (D:6)
  An adder skeleton (D:4)
  3 worms
  3 dart slugs
  94 orcs
  11 bats
  19 endoplasms
  8 giant cockroaches
  3 hobgoblins
  11 jackals
  A quokka (D:3)
  8 ball pythons
  2 frilled lizards
  7 goblins
  9 kobolds
  9 rats
  A bush (Lair:6)
929 creatures vanquished.

Vanquished Creatures (collateral kills)
  Kirke (Spider:1)
  A death knight (D:14)
  An orc knight (Orc:2)
  A phantasmal warrior (D:14)
  2 wolf spiders (Spider:3)
  A hornet (Spider:3)
  A jumping spider (Spider:1)
  2 tarantellas
  A redback (Spider:4)
  A howler monkey (D:8)
  A gnoll (D:8)
13 creatures vanquished.

Vanquished Creatures (others)
  A cane toad (Lair:2)
  A hornet (Spider:4)
  A human (Spider:1)
  An orc warrior (D:5)
  A hound (D:5)
  An orc wizard (D:5)
  An adder (D:5)
  4 orcs
  18 fungi
  35 plants
64 creatures vanquished.

Grand Total: 1006 creatures vanquished

Notes
Turn   | Place    | Note
-------+----------+-------------------------------------------
     0 | D:1      | Ijustatesigmund the Demonspawn Fighter began the quest for
                  | the Orb.
     0 | D:1      | Reached XP level 1. HP: 18/18 MP: 1/1
     2 | D:1      | Found a runed translucent door.
   135 | D:1      | Gained mutation: You may rarely emit foul miasma when
                  | damaged in melee. [demonic ancestry]
   135 | D:1      | Reached XP level 2. HP: 24/24 MP: 2/2
   431 | D:1      | Found a faded altar of an unknown god.
   699 | D:1      | Identified the ring of the Cockatrice {rN+ Int+4 Slay+4}
   714 | D:1      | Reached skill level 1 in Dodging
   739 | D:1      | Gained mutation: You sometimes emit foul miasma when
                  | damaged in melee. [demonic ancestry]
   739 | D:1      | Reached XP level 3. HP: 29/29 MP: 3/3
  1107 | D:2      | Found a burning altar of Makhleb.
  1277 | D:2      | Noticed a black bear
  1285 | D:2      | Reached XP level 4. HP: 17/35 MP: 4/4
  1286 | D:2      | Killed a black bear
  1287 | D:2      | Gained mutation: You have sharp fingernails. [demonic
                  | ancestry]
  1287 | D:2      | Reached XP level 5. HP: 21/42 MP: 5/5
  1444 | D:2      | Identified a scroll of acquirement
  1444 | D:2      | Acquired a +6 vampiric broad axe
  1862 | D:3      | Found an ancient bone altar of Kikubaaqudgha.
  2262 | D:3      | Found a shimmering blue altar of Sif Muna.
  2526 | D:3      | Gained mutation: A weak demonic guardian rushes to your
                  | aid. [demonic ancestry]
  2526 | D:3      | Reached XP level 6. HP: 48/48 MP: 6/6
  2822 | D:4      | Found a radiant altar of Vehumet.
  2886 | D:4      | Found a burning altar of Makhleb.
  3053 | D:4      | Found a snail-covered altar of Cheibriados.
  3073 | D:4      | Became a worshipper of Cheibriados the Contemplative
  3343 | D:4      | Reached skill level 5 in Axes
  3466 | D:4      | Reached skill level 1 in Invocations
  3466 | D:4      | Reached XP level 7. HP: 55/55 MP: 6/8
  3569 | D:4      | Gained mutation: Your flesh is cold resistant. (rC+)
                  | [potion of mutation]
  3569 | D:4      | Gained mutation: Your spells are a little harder to cast,
                  | but a little more powerful. [potion of mutation]
  3569 | D:4      | Gained mutation: You have very sharp fingernails. [potion
                  | of mutation]
  3588 | D:5      | Entered Level 5 of the Dungeon
  3693 | D:5      | Reached skill level 5 in Fighting
  3693 | D:5      | Reached skill level 2 in Invocations
  3712 | D:5      | Found a staircase to the Ecumenical Temple.
  3742 | D:5      | Reached * piety under Cheibriados
  3744 | D:5      | Reached skill level 3 in Invocations
  3796 | D:5      | Gained mutation: You have a pair of small horns on your
                  | head. [demonic ancestry]
  3796 | D:5      | Reached XP level 8. HP: 63/63 MP: 10/10
  3938 | D:5      | Noticed anet's ghost (novice DECj)
  3939 | D:5      | Found a runed translucent gate.
  3941 | D:5      | Found a runed translucent gate.
  3942 | D:5      | Found a runed translucent gate.
  3943 | D:5      | Identified the +6 dagger of Eternal Vigilance {vorpal, rF+}
  3943 | D:5      | Identified the +3 ring mail of Infinity {*Slow rPois rN+++
                  | Regen+ Slay-5}
  3959 | D:5      | Killed anet's ghost
  3960 | D:5      | Reached skill level 4 in Invocations
  4457 | D:6      | Reached skill level 5 in Invocations
  4484 | D:6      | Upgraded the game from 0.27-a0-1060-gcb85b5eba1 to
                  | 0.27-a0-1065-ge809cff456
  4518 | D:6      | Noticed Edmund
  4528 | D:6      | Killed Edmund
  4597 | D:6      | Found a runed translucent door.
  4598 | D:6      | Noticed Crazy Yiuf
  4604 | D:6      | Killed Crazy Yiuf
  4802 | D:6      | Reached ** piety under Cheibriados
  4811 | D:6      | Reached skill level 5 in Armour
  5201 | D:7      | Identified the +0 ring mail "Yconott" {Dex+4 Stlth+}
  5287 | D:7      | Reached XP level 9. HP: 71/71 MP: 13/13
  5307 | D:7      | Reached skill level 6 in Invocations
  5761 | D:8      | Noticed a seven-headed hydra
  6470 | D:8      | Reached skill level 7 in Invocations
  6721 | D:8      | Found a large runed translucent door.
  6722 | D:8      | Found a large runed translucent door.
  6728 | D:8      | Reached *** piety under Cheibriados
  6741 | D:8      | Noticed a two-headed ogre
  6755 | D:8      | Killed a two-headed ogre
  6756 | D:8      | Reached skill level 8 in Invocations
  6756 | D:8      | Reached XP level 10. HP: 28/80 MP: 12/16
  7050 | D:8      | Found a shadowy altar of Dithmenos.
  7474 | D:9      | You fall into a shaft and drop 2 floors!
  7495 | D:11     | Noticed a cyclops
  7498 | D:10     | Entered Level 10 of the Dungeon
  7531 | D:10     | Reached skill level 9 in Invocations
  7533 | D:10     | Reached **** piety under Cheibriados
  7870 | D:10     | Noticed a two-headed ogre
  7875 | D:10     | Killed a two-headed ogre
  8505 | D:10     | Found a sparkling altar of Nemelex Xobeh.
  8599 | D:10     | Found a staircase to the Orcish Mines.
  8717 | D:10     | Noticed a two-headed ogre
  8724 | D:10     | Killed a two-headed ogre
  9015 | D:10     | Reached skill level 10 in Invocations
  9020 | D:10     | Mutation became permanent: You have sharp fingernails.
                  | [demonic ancestry]
  9020 | D:10     | Gained mutation: You have very sharp fingernails. [demonic
                  | ancestry]
  9020 | D:10     | Reached XP level 11. HP: 89/89 MP: 18/18
  9560 | D:9      | Reached ***** piety under Cheibriados
  9565 | D:9      | Reached skill level 5 in Shields
  9690 | D:11     | Found a staircase to the Lair.
 10616 | D:12     | Reached skill level 11 in Invocations
 10785 | D:12     | Reached skill level 10 in Fighting
 11296 | D:12     | Noticed a deep elf pyromancer
 11306 | D:12     | Killed a deep elf pyromancer
 11766 | D:13     | Noticed a centaur warrior
 11767 | D:13     | Noticed a sun demon
 11983 | D:13     | Killed a centaur warrior
 12344 | D:13     | Reached XP level 12. HP: 15/98 MP: 14/20
 12830 | D:13     | Noticed a boulder beetle
 12846 | D:13     | Killed a boulder beetle
 12847 | D:13     | Reached skill level 10 in Axes
 13003 | D:13     | Reached skill level 12 in Invocations
 13602 | D:14     | Identified the amulet of Uvifomibb {RegenMP rF+ Will+}
 13672 | D:14     | Noticed a centaur warrior
 13679 | D:14     | Killed a centaur warrior
 13680 | D:14     | Reached skill level 5 in Dodging
 13685 | D:14     | Noticed a centaur warrior
 13689 | D:14     | Noticed a yaktaur captain
 13691 | D:14     | Killed a centaur warrior
 13698 | D:14     | Killed a yaktaur captain
 13847 | D:14     | Found a gate to the Vaults.
 13854 | D:14     | Found Wiulin's Book Shoppe.
 13858 | D:14     | Noticed a four-headed hydra
 13860 | D:14     | Identified the ring of Sumees {rElec rF- rCorr Str+2}
 13870 | D:14     | Killed a four-headed hydra
 13973 | D:14     | Noticed a death knight
 14499 | Lair:1   | Entered Level 1 of the Lair of Beasts
 15517 | Lair:1   | Reached skill level 13 in Invocations
 16150 | Lair:2   | Noticed a five-headed hydra
 16162 | Lair:2   | Killed a five-headed hydra
 16334 | Lair:2   | Gained mutation: You have sharp toenails. [demonic
                  | ancestry]
 16334 | Lair:2   | Reached XP level 13. HP: 106/106 MP: 22/22
 17164 | Lair:3   | Reached skill level 1 in Evocations
 17255 | Lair:3   | Reached skill level 14 in Invocations
 18261 | Lair:4   | Found an ornate altar of the Wu Jian Council.
 18261 | Lair:4   | Found a hide-covered altar of Uskayaw.
 18591 | Lair:4   | Found a hole to the Spider Nest.
 18964 | Lair:4   | Reached ****** piety under Cheibriados
 19022 | Lair:4   | Reached skill level 15 in Invocations
 19058 | Lair:4   | Reached skill level 5 in Evocations
 19070 | Lair:4   | Gained mutation: You have razor-sharp toenails. [demonic
                  | ancestry]
 19070 | Lair:4   | Reached XP level 14. HP: 69/114 MP: 25/25
 19364 | Lair:4   | Found a staircase to the Shoals.
 19854 | Lair:5   | Found a viscous altar of Jiyva.
 19855 | Lair:5   | Found a staircase to the Slime Pits.
 20463 | Lair:6   | Entered Level 6 of the Lair of Beasts
 20679 | Lair:6   | Acquired a manual of Dodging
 21415 | Lair:6   | Reached skill level 16 in Invocations
 21525 | Lair:6   | Identified the +0 ring mail of Elyvilon's Favour {Harm
                  | Rampage Int+5 Stlth-}
 22261 | Orc:1    | Entered Level 1 of the Orcish Mines
 22514 | Orc:1    | Identified the +0 hat of Qazlal's Delight {rPois rC+ Will+
                  | Str-4}
 22532 | Orc:1    | Learned a level 1 spell: Magic Dart
 22535 | Orc:1    | Learned a level 2 spell: Blink
 22592 | Orc:1    | You fall into a shaft and drop 1 floor!
 22592 | Orc:2    | Entered Level 2 of the Orcish Mines
 22634 | Orc:2    | Found a staircase to the Elven Halls.
 23022 | Orc:2    | Reached XP level 15. HP: 118/122 MP: 27/27
 23082 | Orc:2    | Reached skill level 1 in Translocations
 23239 | Orc:2    | Noticed Nergalle
 23240 | Orc:2    | Noticed an orc warlord
 23255 | Orc:2    | Killed an orc warlord
 23258 | Orc:2    | Killed Nergalle
 23447 | Orc:2    | Found Ihuas's Antique Weapon Shop.
 23453 | Orc:2    | Found Toenul's Antique Armour Shop.
 23475 | Orc:2    | Bought a shiny chain mail for 172 gold pieces
 23514 | Orc:2    | Found Qocveyl's General Store.
 23554 | Orc:2    | Lost mutation: Your spells are a little harder to cast, but
                  | a little more powerful. [a neqoxec]
 23554 | Orc:2    | Paralysed by an orc sorcerer for 4 turns
 23587 | Orc:2    | Noticed an orc warlord
 23595 | Orc:2    | Noticed an orc warlord
 23599 | Orc:2    | Killed an orc warlord
 23906 | Orc:2    | Killed an orc warlord
 24043 | Orc:2    | Found Oshanaerou's Book Shop.
 24211 | Orc:2    | Bought a shiny plate armour for 598 gold pieces
 24300 | Orc:2    | Identified the +5 quarterstaff of Superiority {elec, Will+}
 24342 | Orc:2    | Identified the +7 battleaxe of the Forsaken Bones {holy,
                  | rF++ Will+ Dex+3}
 25003 | D:14     | Found a huge runed gate.
 25003 | D:14     | Found a huge runed gate.
 25003 | D:14     | Found a huge runed gate.
 25003 | D:14     | Found a huge runed gate.
 25003 | D:14     | Found a huge runed gate.
 25003 | D:14     | Found a huge runed gate.
 25004 | D:14     | Found a huge runed gate.
 25005 | D:14     | Found a huge runed gate.
 25006 | D:14     | Found a huge runed gate.
 25139 | D:14     | Found a huge runed gate.
 25146 | D:14     | Reached skill level 17 in Invocations
 25146 | D:14     | Gained mutation: You have claws for hands. [demonic
                  | ancestry]
 25146 | D:14     | Reached XP level 16. HP: 131/131 MP: 28/28
 25150 | D:14     | Found a huge runed gate.
 25151 | D:14     | Found a huge runed gate.
 25153 | D:14     | Found a huge runed gate.
 25154 | D:14     | Found a huge runed gate.
 25605 | D:14     | Found a huge runed gate.
 25606 | D:14     | Found a huge runed gate.
 25607 | D:14     | Found a huge runed gate.
 25608 | D:14     | Found a huge runed gate.
 25609 | D:14     | Noticed a storm dragon
 25609 | D:14     | Noticed a sphinx
 25633 | D:14     | Noticed a tengu reaver
 26215 | D:14     | Killed a sphinx
 26216 | D:14     | Reached skill level 10 in Dodging
 26280 | D:14     | HP: 6/131 [storm dragon/bolt of lightning (29)]
 27038 | D:14     | Reached skill level 5 in Translocations
 27052 | D:14     | Killed a tengu reaver
 27316 | D:14     | Killed a storm dragon
 27410 | D:15     | Entered Level 15 of the Dungeon
 27527 | D:15     | Found a staircase to the Depths.
 27694 | D:15     | Gained mutation: You frequently emit foul miasma when
                  | damaged in melee. [demonic ancestry]
 27694 | D:15     | Reached XP level 17. HP: 111/138 MP: 29/29
 28761 | Spider:1 | Entered Level 1 of the Spider Nest
 28916 | Spider:1 | Noticed Kirke
 28925 | Spider:1 | Killed Kirke
 29030 | Spider:1 | Reached skill level 18 in Invocations
 30266 | Spider:2 | Noticed Donald
 30660 | Spider:2 | Killed Donald
 30997 | Spider:2 | Noticed Arachne
 31015 | Spider:2 | Identified Roxanne's Tome of the Mountains
 31015 | Spider:2 | Noticed Roxanne
 31030 | Spider:2 | Killed Arachne
 31375 | Spider:2 | Killed Roxanne
 32618 | Spider:4 | Entered Level 4 of the Spider Nest
 32618 | Spider:4 | Noticed Agnes
 32632 | Spider:3 | Killed Agnes
 33241 | Spider:4 | Reached XP level 18. HP: 147/147 MP: 31/31
 33830 | Spider:4 | Slain by a spark wasp

Illustrated notes

Levels and vault maps discovered:
D:1:      dpeg_arrival_caged_fury, layout_basic,
          hellmonk_ecumenical_altar_lost_god, chequers_hall_statues_y
D:2:      layout_rooms, basic_altar
D:3:      minmay_thinvault, layout_loops_cross, nicolae_elyvilon_peaceful_grove,
          kiku_gazebo_pond_becter, led_sif_book
D:4:      layout_loops_ring, lemuel_crystal_altar, amcnicky_altar_gilded,
          nicolae_overflow_crystal_walls, kennysheep_another_room
D:5:      layout_cave_pools, minmay_temple_entry_statues_pillars,
          biasface_ghost_orc_armoury, serial_column_ruins,
          column_ruins_columns_water, column_ruins_grid_3,
          column_ruins_columns_dead_end, column_ruins_columns_straight,
          lemuel_flame_loot_1
D:6:      layout_loops_ring, uniq_edmund, uniq_crazy_yiuf_cottage
D:7:      layout_basic
D:8:      hangedman_cross_stitches, layout_rooms, jmf_multi_god_temple2
D:9:      layout_loops_ring
D:10:     layout_grid_maze, lemuel_doored_altar, orc_0_dummy
D:11:     layout_roguey, erik_lair_orcish_takeover, special_room
          [special_room_orc], chequers_serial_rivers_small_a
D:12:     layout_loops_ring
D:13:     layout_basic
D:14:     layout_basic, david_vaults_2, minmay_misc_feat_diagonals,
          serial_shops, shop, hangedman_glass_teeth, door_vault
D:15:     grunt_enter_depths_giant_problem, layout_irregular_city
Lair:1:   layout_cave_pods, chequers_serial_rivers_micro_a
Lair:2:   layout_regular_city
Lair:3:   layout_regular_city, st_stairs_6, cheibrodos_lair_lostbears,
          grunt_megastairs_2
Lair:4:   regret_index_combs_of_tragedy, layout_gridlike,
          minmay_shoals_entry_lonely_mermaid, spider_nest_entry_a,
          nzn_masters_of_martial_movement
Lair:5:   layout_roguey, slime_altar_1, lemuel_fruit_tree
Lair:6:   grunt_lair_end_beastmaster, layout_loops_ring, serial_bayou,
          serial_bayou_lake_a, serial_bayou_lagoon_b, serial_bayou_shore_a,
          serial_bayou_lagoon_a, small_statue_intersection, st_stairs_12
Spider:1: layout_spider_delve, uniq_kirke
Spider:2: layout_spider_delve, uniq_donald, uniq_arachne, uniq_roxanne
Spider:3: layout_spider_delve, drop_trap
Spider:4: floodkiller_spider_rune_tomb, uniq_agnes
Orc:1:    layout_caves, hangedman_minor_magic
Orc:2:    grunt_orc_cross, layout_caves, minmay_orc_treasury

Skill      XL: |  1  2  3  4  5  6  7  8  9 10 11 12 13 14 15 16 17 18 |
---------------+-------------------------------------------------------+-----
Axes           | 2 3 4 5 6 7 8 9 10 11 12 13 | 13.9
Dodging        | 1 2 4 6 7 9 10 12 13 | 13.6
Fighting       | 4 5 6 7 9 10 11 12 13 14 | 14.7
Armour         | 3 5 6 8 |  8.9
Invocations    | 1 3 5 8 10 11 13 15 16 17 18 | 18.8
Shields        | 4 5 7 |  7.9
Evocations     | 5 |  5.7
Translocations | 3 5 7 |  7.7

Action                   |  1- 3 |  4- 6 |  7- 9 | 10-12 | 13-15 | 16-18 || total
-------------------------+-------+-------+-------+-------+-------+-------++-------
Melee: War axe           |    26 |       |       |       |       |       ||    26
       Hand axe          |    87 |     4 |       |       |       |       ||    91
       Broad axe         |       |   117 |   155 |   317 |   654 |   594 ||  1837
       Headbutt          |       |       |    30 |   124 |   240 |   253 ||   647
       Flail             |       |       |       |    10 |    25 |     9 ||    44
Throw: Throwing net      |       |       |       |     2 |       |       ||     2
       Boomerang         |       |       |       |       |     1 |     1 ||     2
 Cast: Blink             |       |       |       |       |     1 |    11 ||    12
Invok: Bend Time         |       |       |     2 |       |     2 |       ||     4
       Step From Time    |       |       |       |     2 |     1 |     2 ||     5
       Slouch            |       |       |       |     1 |     4 |     6 ||    11
Evoke: Wand              |       |       |       |    10 |     7 |    38 ||    55
       Lightning rod     |       |       |       |       |     1 |       ||     1
       Condenser vane    |       |       |       |       |     1 |       ||     1
  Use: Scroll            |     2 |     3 |     8 |     9 |     9 |     9 ||    40
       Potion            |     1 |       |     2 |     2 |     2 |    15 ||    22
 Stab: Distracted        |     1 |     1 |       |     2 |     5 |     3 ||    12
       Sleeping          |       |       |     1 |    10 |     8 |     1 ||    20
       Held in net/web   |       |       |       |     1 |       |       ||     1
       Petrified         |       |       |       |       |     7 |       ||     7
       Paralysed         |       |       |       |       |       |     4 ||     4
       Invisible         |       |       |       |       |       |     2 ||     2
Armor: Scale mail        |    63 |    63 |    22 |       |       |       ||   148
       Ring mail         |       |       |    34 |   100 |   132 |    42 ||   308
       Chain mail        |       |       |       |       |       |   216 ||   216
Dodge: Dodged            |    92 |    66 |   117 |   227 |   648 |   759 ||  1909
Block: Kite shield       |    56 |    45 |   106 |   274 |   602 |   704 ||  1787

Table legend: (Time is in decaauts)
 A = Elapsed time spent in this place.
 B = Non-inter-level travel time spent in this place.
 C = Inter-level travel time spent in this place.
 D = Time resting spent in this place.
 E = Time spent auto-exploring this place.
 F = Levels seen in this place.
 G = Mean time per level.
                   A        B        C        D        E       F      G
               +--------+--------+--------+--------+--------+-----+--------+
         Total |  48333 |  45450 |   2883 |   8876 |  29252 |  27 | 1790.1 |
       Dungeon |  25421 |  23672 |   1749 |   5478 |  14667 |  15 | 1694.7 |
          Lair |  12127 |  11377 |    750 |   1387 |   8385 |   6 | 2021.2 |
   Spider Nest |   7120 |   7028 |     92 |   1476 |   4215 |   4 | 1780.0 |
  Orcish Mines |   3664 |   3374 |    290 |    535 |   1984 |   2 | 1832.0 |
               +--------+--------+--------+--------+--------+-----+--------+

Top non-repeatable levels by time:
    D:14: 4267 daAuts
    D:13: 2945 daAuts
    D:10: 2750 daAuts
   Orc:2: 2574 daAuts
  Lair:6: 2544 daAuts
  Lair:4: 2332 daAuts
Spider:2: 2257 daAuts
    D:12: 2123 daAuts
  Lair:1: 2114 daAuts
    D:11: 2008 daAuts
Spider:1: 1936 daAuts
  Lair:3: 1857 daAuts
  Lair:2: 1641 daAuts
  Lair:5: 1637 daAuts
Spider:3: 1634 daAuts
